 Dungeon Crawl Stone Soup version 0.29.1-15-g9cfb28693d (webtiles) character file.

Game seed: 16650742673389738645

122 BlackCrag the Magician (level 4, -1/24 HPs)
             Began as a Deep Elf Earth Elementalist on Mar 26, 2023.
             Constricted to death by Natasha (5 damage)
             ... on level 2 of the Dungeon.
             The game lasted 00:04:53 (1081 turns).

BlackCrag the Magician (DEEE)                       Turns: 1081, Time: 00:04:54

Health: -1/24      AC:  2    Str:  5    XL:     4   Next: 78%
Magic:  5/12       EV:  9    Int: 22    God:
Gold:   101        SH:  0    Dex: 15    Spells: 6/12 levels left

rFire   . . .      SeeInvis .   (no weapon)
rCold   . . .      Faith    .   (no shield)
rNeg    . . .      Spirit   .   a - +0 robe
rPois   .          Reflect  .   (no helmet)
rElec   .          Harm     .   (no cloak)
rCorr   .          Rampage  .   (no gloves)
Will    .....                   (no boots)
Stlth   ++........              (no amulet)
HPRegen 0.08/turn               (no ring)
MPRegen 0.13/turn               (no ring)

@: grasped by roots, very slightly contaminated, constricted
A: no striking features
a: no special abilities


You were on level 2 of the Dungeon.
You visited 1 branch of the dungeon, and saw 2 of its levels.

You collected 101 gold pieces.

Inventory:

Hand Weapons
 c - a +0 flail of holy wrath
Missiles
 i - a throwing net
Armour
 a - a +0 robe (worn)
Scrolls
 d - 2 scrolls of identify {unknown}
 e - a scroll of teleportation {unknown}
 f - a scroll of blinking {unknown}
 g - a scroll of vulnerability {unknown}
Potions
 b - a potion of magic
 h - a potion of invisibility {unknown}
 j - a potion of haste {unknown}
 k - a potion of curing {unknown}
 l - a potion of brilliance {unknown}


   Skills:
 + Level 2.5 Dodging
 + Level 3.1 Stealth
 + Level 4.9 Spellcasting
 + Level 1.1 Transmutations
 + Level 4.7 Earth Magic


You had 6 spell levels left.
You knew the following spells:

 Your Spells              Type           Power      Damage    Failure   Level
a - Sandblast             Erth           52%        2d12      1%          1
b - Passwall              Tmut/Erth      15%        N/A       4%          2
c - Stone Arrow           Conj/Erth      30%        3d8       12%         3

Your spell library contained the following spells:

 Spells                   Type           Power      Damage    Failure   Level
 Apportation              Tloc           10%        N/A       11%         1
 Confusing Touch          Hex            5%         N/A       30%         3
 Petrify                  Tmut/Erth      18%        N/A       30%         4
 Alistair's Intoxication  Tmut/Pois      4%         N/A       92%         5
 Yara's Violent Unravell  Hex/Tmut       3%         3d4       92%         5
 Enfeeble                 Hex            2%         N/A       100%        7


Dungeon Overview and Level Annotations

Branches:
Dungeon (2/15)

Altars:

Annotations:
D:2 Natasha


Message History

Press: ? - help, Q - select action, (/) - cycle Shift-Dir - straight line, f - bat
Aim: a bat (74% to hit)
The blast of sand hits the bat!
You kill the bat!
Natasha, Servant of Life and Death comes into view.
She is carrying a wand of roots (5).
Natasha hisses angrily.
Natasha zaps a wand.
The roots erupt in riotous growth!
The grasping roots grab you! The grasping roots constrict you.
You hear a shout!
Casting: Sandblast (safe; 1% risk of failure)
Confirm with . or Enter, or press ? or * to list all spells.
The spell is quite dangerous to miscast (12% risk of failure)!
Continue anyway?
Aiming: Stone Arrow (quite dangerous; 12% risk of failure)
Press: ? - help, Shift-Dir - straight line, f - Natasha
Aim: Natasha, carrying a wand of roots (4) (60% to hit)
The stone arrow hits Natasha.
Natasha is moderately wounded.
The grasping roots constrict you!
Casting: Stone Arrow (quite dangerous; 12% risk of failure)
Confirm with . or Enter, or press ? or * to list all spells.
The spell is quite dangerous to miscast (12% risk of failure)!
Continue anyway?
Aiming: Stone Arrow (quite dangerous; 12% risk of failure)
Press: ? - help, Shift-Dir - straight line, f/p - Natasha
Aim: Natasha, carrying a wand of roots (4) (moderately wounded, 60% to hit)
You miscast Stone Arrow.
You are very lightly contaminated with residual magic.
Nothing appears to happen.
The grasping roots constrict you.
Casting: Stone Arrow (quite dangerous; 12% risk of failure)
Confirm with . or Enter, or press ? or * to list all spells.
Aiming: Sandblast (safe; 1% risk of failure)
Press: ? - help, Shift-Dir - straight line, f/p - Natasha
Aim: Natasha, carrying a wand of roots (4) (moderately wounded, 79% to hit)
The blast of sand hits Natasha but does no damage.
Natasha is moderately wounded.
Natasha stares at you and mumbles some strange words.
The magic dart hits you.
* * * LOW HITPOINT WARNING * * *
The grasping roots constrict you.
You die...

##...#.......
................
.†....#######
#.#.........###.# ......#
######.####.#.........
......#####......#
#.....####.
............###### #...#...#
#########...### #.#.).#.#
#..#...# #....#..##...
###.####.####.####.#######
#...# #...@h...♣......#####
#...#########..P............
#............♣P._P♣....#####
#...#########.....♣....#
#...# #.♣P.♣...†.# #####
#†..♣......# #...<......#
############


You could see Natasha.

Vanquished Creatures
  Terence (D:2)
  Natasha (D:2)
  A gnoll (D:1)
  2 adders (D:2)
  4 dart slugs
  2 bats
  6 endoplasms
  2 giant cockroaches
  3 goblins
  3 hobgoblins (D:1)
  3 quokkas
  3 ball pythons
  A frilled lizard (D:2)
  3 kobolds
  2 rats
37 creatures vanquished.

Vanquished Creatures (others)
  A withered plant (D:2)
1 creature vanquished.

Grand Total: 38 creatures vanquished

Notes
Turn   | Place    | Note
-------+----------+-------------------------------------------
     0 | D:1      | BlackCrag the Deep Elf Earth Elementalist began the quest
                  | for the Orb.
     0 | D:1      | Reached XP level 1. HP: 10/10 MP: 6/6
    12 | D:1      | Reached XP level 2. HP: 9/15 MP: 4/8
   166 | D:1      | Learned a level 2 spell: Passwall
   431 | D:1      | Reached XP level 3. HP: 19/19 MP: 7/10
   437 | D:1      | Learned a level 3 spell: Stone Arrow
   689 | D:2      | Found a faded altar of an unknown god.
   714 | D:2      | Noticed Terence
   718 | D:2      | Killed Terence
   720 | D:2      | Reached XP level 4. HP: 24/24 MP: 4/12
   888 | D:2      | Noticed Natasha
   889 | D:2      | Killed Natasha
  1076 | D:2      | Noticed Natasha
  1081 | D:2      | Constricted to death by Natasha

Illustrated notes

Levels and vault maps discovered:
D:1:      dpeg_arrival_round_b, layout_rooms
D:2:      layout_rooms, ebering_ecumenical_altar_petrified,
          minmay_increasing_density, uniq_terence, uniq_jessica, uniq_natasha

Skill      XL: |  1  2  3 |
---------------+----------+-----
Earth Magic    | 4 |  4.7
Stealth        | 3 |  3.1
Spellcasting   | 4 |  4.9
Dodging        | |  2.5
Transmutations | |  1.1

Action                   |  1- 3 |  4- 6 || total
-------------------------+-------+-------++-------
 Cast: Sandblast         |    34 |    14 ||    48
       Stone Arrow       |     1 |     3 ||     4
Dodge: Dodged            |     4 |     4 ||     8
